 Dungeon Crawl Stone Soup version 0.25.0-26-g0c896c7088 (webtiles) character file.

Game seed: 13984462582633541329

244798 EriolAelfwine the Wrestler (level 19, -6/182 HPs)
             Began as a Ghoul Monk on July 4, 2020.
             Was a High Priest of Makhleb.
             Mangled by Cubyotass's ghost (27 damage)
             ... on level 4 of the Snake Pit.
             The game lasted 01:46:01 (35028 turns).

EriolAelfwine the Wrestler (Ghoul Monk)            Turns: 35028, Time: 01:46:02

Health: -6/182     AC: 33    Str: 21    XL:     19   Next: 46%
Magic:  28/28      EV:  2    Int:  4    God:    Makhleb [*****.]
Gold:   3689       SH: 11    Dex: 16    Spells: 18/18 levels left

rFire    . . .     SeeInvis .     - Unarmed
rCold    + . .     Gourm    .   V - +0 kite shield
rNeg     + + +     Faith    .   r - +4 crystal plate armour
rPois    ∞         Spirit   .   P - +1 hat
rElec    .         Reflect  .   (no cloak)
rCorr    .         Harm     .   (no gloves)
MR       +....                  e - +0 pair of boots of the Nexus {rPois rN++ Dex+5}
Stlth    ..........             p - amulet "Weckeg" {Acrobat Int-3 Slay+5 Stlth+}
HPRegen  0.00/turn              d - +4 ring of slaying
MPRegen  0.21/turn              q - +4 ring of protection

@: rotting, constricted, studying Translocations
A: rotting body, claws 1, carnivore, cold resistance 1, negative energy
resistance 3, inhibited regeneration, torment resistance, unbreathing
}: 2/15 runes: serpentine, barnacled
a: Minor Destruction, Lesser Servant of Makhleb, Major Destruction, Greater
Servant of Makhleb, Renounce Religion


You were on level 4 of the Snake Pit.
You worshipped Makhleb.
Makhleb was extremely pleased with you.
You were hungry.

You visited 6 branches of the dungeon, and saw 32 of its levels.
You also visited: Bailey, Gauntlet and Ice Cave.

You collected 3689 gold pieces.

Inventory:

Hand Weapons
 L - a +4 dagger of venom
Missiles
 l - 10 throwing nets
 H - 11 curare-tipped darts (quivered)
Armour
 e - the +0 pair of boots of the Nexus (worn) {rPois rN++ Dex+5}
   (You found it on level 3 of the Lair of Beasts)

   It affects your dexterity (+5).
   It protects you from poison.
   It greatly protects you from negative energy.
 r - a +4 crystal plate armour (worn)
 P - a +1 hat (worn)
 V - a +0 kite shield (worn)
Jewellery
 d - a +4 ring of slaying (left claw)
 m - an uncursed ring of flight
 p - the amulet "Weckeg" (around neck) {Acrobat Int-3 Slay+5 Stlth+}
   (You acquired it on level 7 of the Dungeon)

   [amulet of the acrobat]

   It helps you evade while moving and waiting.
   It affects your intelligence (-3).
   It affects your accuracy and damage with ranged weapons and melee attacks
   (+5).
   It makes you more stealthy.
 q - a +4 ring of protection (right claw)
 t - the ring "Yshro" {Fire Int+7 Dex+2}
   (You found it on level 3 of the Lair of Beasts)

   [ring of fire]

   It enhances your fire magic.
   It affects your intelligence (+7).
   It affects your dexterity (+2).
   It protects you from fire.
   It makes you vulnerable to cold.
 v - an uncursed amulet of reflection
 B - an uncursed ring of ice
Wands
 f - a wand of acid (7)
 y - a wand of digging (13)
 A - a wand of clouds (4)
 F - a wand of iceblast (40)
 I - a wand of disintegration (8)
Scrolls
 a - 3 scrolls of amnesia
 c - 3 scrolls of teleportation
 i - 12 scrolls of remove curse
 u - 3 scrolls of summoning
 w - 3 scrolls of immolation
 D - 5 scrolls of blinking
 E - 7 scrolls of enchant weapon
 J - 5 scrolls of identify
 N - 3 scrolls of fear
 R - 2 scrolls of enchant armour
 S - 4 scrolls of fog
Potions
 g - 2 potions of magic
 h - 3 potions of stabbing
 j - 4 potions of flight
 k - 5 potions of haste
 n - 4 potions of invisibility
 o - a potion of heal wounds
 s - 2 potions of brilliance
 C - 4 potions of might
 O - 11 potions of curing
 Q - 2 potions of cancellation
 U - 4 potions of ambrosia
Books
 z - a manual of Translocations
Comestibles
 b - 64 rations


   Skills:
 + Level 19.0 Fighting
 + Level 13.5 Armour
 - Level 5.0 Dodging
 - Level 2.1 Stealth
 + Level 7.3 Shields
 * Level 22.3 Unarmed Combat
 + Level 14.0 Invocations


You had 18 spell levels left.
You didn't know any spells.
Your spell library contained the following spells:

 Spells                   Type           Power        Failure   Level  Hunger
 Animate Skeleton         Necr           N/A          100%        1    ##.....
 Apportation              Tloc           #.....       100%        1    ##.....
 Corona                   Hex            #......      100%        1    ##.....
 Infusion                 Chrm           #...         100%        1    ##.....
 Summon Butterflies       Summ           #.......     100%        1    ##.....
 Summon Small Mammal      Summ           #...         100%        1    ##.....
 Corpse Rot               Necr/Air       N/A          100%        2    ###....
 Ensorcelled Hibernation  Hex/Ice        #.....       100%        2    ###....
 Shroud of Golubria       Chrm/Tloc      #.....       100%        2    ###....
 Song of Slaying          Chrm           #.......     100%        2    ###....
 Call Canine Familiar     Summ           #.......     100%        3    ####...
 Confusing Touch          Hex            #.......     100%        3    ####...
 Dazzling Flash           Conj/Hex       #.....       100%        3    ####...
 Gell's Gravitas          Tloc           #.........   100%        3    ####...
 Ignite Poison            Fire/Tmut/Pois #.......     100%        3    ####...
 Lesser Beckoning         Tloc           #.........   100%        3    ####...
 Ozocubu's Armour         Chrm/Ice       #.......     100%        3    ####...
 Portal Projectile        Hex/Tloc       #.....       100%        3    ####...
 Recall                   Summ/Tloc      N/A          100%        3    ####...
 Spectral Weapon          Hex/Chrm       #.......     100%        3    ####...
 Stone Arrow              Conj/Erth      #.....       100%        3    ####...
 Tukima's Dance           Hex            #.......     100%        3    ####...
 Animate Dead             Necr           N/A          100%        4    #####..
 Petrify                  Tmut/Erth      #.......     100%        4    #####..
 Summon Ice Beast         Ice/Summ       #.......     100%        4    #####..
 Alistair's Intoxication  Tmut/Pois      #.......     100%        5    ######.
 Bolt of Magma            Conj/Fire/Erth #.........   100%        5    ######.
 Borgnjor's Vile Clutch   Necr/Erth      #.........   100%        5    ######.
 Irradiate                Conj/Tmut      #.........   100%        5    ######.
 Iskenderun's Battlesphe  Conj/Chrm      #.......     100%        5    ######.
 Summon Forest            Summ/Tloc      #.........   100%        5    ######.
 Summon Mana Viper        Hex/Summ       #.......     100%        5    ######.
 Death Channel            Necr           #.........   100%        6    #######
 Dispersal                Tloc           #.........   100%        6    #######
 Eringya's Noxious Bog    Tmut/Pois      #.........   100%        6    #######
 Invisibility             Hex            #.......     100%        6    #######
 Iron Shot                Conj/Erth      #.........   100%        6    #######
 Simulacrum               Ice/Necr       #.........   100%        6    #######
 Orb of Destruction       Conj           #.........   100%        7    #######
 Spellforged Servitor     Conj/Summ      #.........   100%        7    #######
 Summon Hydra             Summ           #.........   100%        7    #######
 Controlled Blink         Tloc           N/A          100%        8    #######
 Disjunction              Tloc           #.........   100%        8    #######
 Sublimation of Blood     Necr           Unusable     N/A         2    N/A
 Hydra Form               Tmut           Unusable     N/A         6    N/A
 Statue Form              Tmut/Erth      Unusable     N/A         6    N/A
 Dragon Form              Tmut           Unusable     N/A         7    N/A

Dungeon Overview and Level Annotations

Branches:
Dungeon (15/15)            Temple (1/1) D:5            Lair (6/6) D:9
 Shoals (4/4) Lair:2        Snake (4/4) Lair:4        Slime (0/5) Lair:5
    Orc (2/2) D:10            Elf (0/3) Orc:2        Vaults (0/5) D:13
 Depths (0/5) D:15         Bailey (visited)           IceCv (visited)
Gauntlet (visited)

Altars:
Ashenzari
Cheibriados
Dithmenos
Elyvilon
Fedhas
Gozag
Hepliaklqana
Kikubaaqudgha
Makhleb
Nemelex Xobeh
Okawaru
Qazlal
Ru
Sif Muna
Trog
Uskayaw
Vehumet
Wu Jian
Xom
Yredelemnul
Zin
The Shining One
Beogh
Jiyva

Shops:
D:8 %   D:10 *[   D:15 !   Orc:2 (=*([   Snake:1 [

Portals:
Abyss: Snake:2

Annotations:
Lair:5 exclusion: oklob plant
Snake:4 1 transporter, Cubyotass's ghost, adept MiHu


Innate Abilities, Weirdness & Mutations

Your body is rotting away.
You thrive on raw meat.
You are immune to poison.
You have sharp fingernails.
You are carnivorous and can eat meat at any time.
Your flesh is cold resistant. (rC+)
You are immune to negative energy. (rN+++)
You do not regenerate when monsters are visible.
You are immune to unholy pain and torment.
You can survive without breathing.


Message History

Cubyotass's ghost hits you but does no damage.
You block the naga's attack. You block the naga warrior's attack.
The naga warrior grabs you.
* * * LOW HITPOINT WARNING * * *
The naga warrior constricts you.
You escape the naga warrior's grasp.
You block the naga warrior's attack. x2
Your crystal plate armour prevents you from hitting the naga warrior.
The naga warrior is heavily wounded.
You block Cubyotass's ghost's attack.
The naga warrior hits you with the cursed +0 dire flail "Widowermaker" {elec, rPois Int+6}!!
* * * LOW HITPOINT WARNING * * *
The naga warrior grabs you.
* * * LOW HITPOINT WARNING * * *
The naga warrior constricts you.
You feel much better.
The naga warrior hits you but does no damage.
* * * LOW HITPOINT WARNING * * *
The naga warrior constricts you. Cubyotass's ghost hits you!!
You die...

#....#......# ###....##......# #.
#+####.....## ≈#..#####.....###.
........##.#..##.[.≈#.N#.....##..
.......###.#....(_}###.#.....##..
......## #.#..##N)))...#.....##..
.......###.##..#≈#N)..##.....##..
........##..#..##N(...#......##..
.........##.####WN...##......##..
###..........###@©.###.......##..
..'............#####.........##..
..#..............©...........###.
..#...#......................# #.
###...##............#.....##.# #.
.....###....#......##.....#### #.
...).###...###....###....## #.
....###..^.# ##...# ##..## ##
....# #...## #...# #..# #


You could see a naga warrior (berserk), 2 nagas and Cubyotass's ghost.

Vanquished Creatures
  The ghost of TuffENuff the Warrior, an adept FoFi of Cheibriados (Snake:2)
  A kraken (Shoals:3)
  Roxanne (Shoals:2)
  4 nagarajas
  Ilsuiw (Shoals:3)
  Aizul (Snake:1)
  2 orc warlords (Orc:2)
  A very ugly thing (Snake:2)
  The ghost of Necsenou the Fighter, a journeyman GnWn of Gozag (Orc:1)
  A minotaur (Gauntlet)
  3 dire elephants (Lair:6)
  2 merfolk javelineers (Shoals:4)
  The ghost of Qutoi the Bludgeoner, a journeyman MiBe of Trog (Lair:3)
  7 merfolk impalers
  Josephine (Orc:2)
  A great orb of eyes (Snake:2)
  Harold (D:10)
  10 hydras
  2 alligator snapping turtles
  14 naga warriors
  2 catoblepae
  10 anacondas
  3 merfolk avatars
  3 death yaks (Lair:4)
  A satyr (Shoals:3)
  5 two-headed ogres
  2 merfolk aquamancers
  A hell hog (Snake:2)
  17 naga sharpshooters
  2 tengu warriors (D:10)
  4 orc high priests
  6 shock serpents
  A deep elf knight (D:13)
  Nergalle (D:10)
  A wretched star (Snake:2)
  6 slime creatures
  A salamander mystic (Snake:4)
  A skeletal warrior (D:13)
  A fire crab (Lair:6)
  12 sea snakes
  A wizard (Snake:2)
  2 unseen horrors
  8 naga ritualists
  4 orc knights
  A deep elf archer (Orc:2)
  21 ugly things
  16 harpies
  5 orc sorcerers
  3 oklob plants
  7 mana vipers
  15 fauns
  13 salamanders
  10 manticores
  7 cyclopes
  4 elephants (Lair:6)
  A moth of wrath (Snake:4)
  14 merfolk sirens
  5 deep elf magi
  6 guardian serpents
  20 naga magi
  27 black mambas
  6 water nymphs
  A guardian serpent (shapeshifter) (D:14)
  4 ice statues
  Maggie (Lair:2)
  2 minotaur zombies (Gauntlet)
  Psyche (D:11)
  A gargoyle (D:10)
  11 spiny frogs
  A kobold demonologist (D:12)
  7 komodo dragons
  8 rime drakes
  3 efreet
  3 yaktaurs (D:13)
  2 ice devils (D:11)
  A large abomination (Snake:2)
  2 polar bears (Lair:1)
  2 trolls
  5 snapping turtles
  A wind drake (Shoals:2)
  A raiju (Snake:2)
  15 hippogriffs
  14 dream sheep
  41 merfolk
  Duvessa (D:5)
  10 blink frogs
  3 shadows
  A vampire (D:14)
  5 wraiths
  11 water elementals
  35 yaks
  2 basilisks
  3 hungry ghosts
  A steam dragon (D:13)
  6 wargs
  4 water moccasins
  A soldier ant (D:10)
  40 nagas
  10 porcupines
  52 orc warriors
  An eye of draining (D:15)
  9 ice beasts
  3 sky beasts
  2 black bears
  6 necrophages (D:9)
  6 ogres
  21 wolves
  2 phantoms
  A boggart (D:13)
  27 centaurs
  11 crocodiles
  5 big kobolds
  21 bullfrogs
  A wyvern skeleton (D:13)
  Dowan (D:5)
  A water moccasin zombie (D:7)
  5 scorpions
  8 killer bees
  30 wights
  A rime drake simulacrum (Lair:3)
  2 howler monkeys
  An electric eel (Lair:1)
  4 crimson imps
  3 bullfrog zombies
  7 starcursed masses (Snake:2)
  A centaur zombie (D:9)
  3 quasits
  12 hounds
  3 bullfrog skeletons
  A hippogriff simulacrum (Lair:3)
  20 orc priests
  3 jellies
  2 water moccasin simulacra (Lair:3)
  7 centaur skeletons
  5 iguanas
  41 orc wizards
  6 hell rats (Lair:6)
  9 worker ants
  A basilisk simulacrum (Lair:3)
  A hound zombie (D:9)
  A hound skeleton (D:6)
  A howler monkey skeleton (D:9)
  4 worker ant zombies
  7 gnolls
  8 adders
  2 river rats (Lair:5)
  3 shadow imps
  2 oozes (D:1)
  3 adder zombies (D:9)
  4 worms (D:2)
  3 dart slugs
  6 leopard geckos
  118 orcs
  3 bats
  9 giant cockroaches
  6 goblins
  4 hobgoblins
  12 jackals
  14 kobolds
  A quokka (D:12)
  A ball python (D:2)
  4 frilled lizards
  A jackal skeleton (D:4)
  A leopard gecko zombie (D:7)
  A quokka skeleton (D:5)
  A quokka zombie (D:9)
  6 rats
  4 plants (Lair:6)
  3 tentacles (Shoals:3)
1171 creatures vanquished.

Vanquished Creatures (collateral kills)
  2 nagarajas
  A fire giant (D:15)
  A cacodemon (Snake:2)
  5 merfolk impalers (Shoals:4)
  5 naga warriors (Snake:4)
  A merfolk aquamancer (Shoals:4)
  2 merfolk avatars (Shoals:4)
  A satyr (Shoals:4)
  2 sea snakes (Shoals:4)
  2 wizards (Snake:2)
  2 naga ritualists (Snake:4)
  6 fauns (Shoals:4)
  3 salamanders (Snake:4)
  A manticore (Shoals:4)
  A black mamba (Snake:4)
  3 naga magi (Snake:4)
  2 merfolk sirens
  5 merfolk
  3 snapping turtles (Shoals:4)
  A water elemental (Shoals:4)
  3 nagas (Snake:4)
  An acid dragon (D:15)
  A centaur (D:5)
  A starcursed mass (Snake:2)
  3 plants (Shoals:4)
58 creatures vanquished.

Vanquished Creatures (others)
  A merfolk impaler (Shoals:4)
  Erolcha (Orc:1)
  A sea snake (Shoals:4)
  A merfolk (Shoals:3)
  An orc priest (Orc:1)
  An orc (Orc:1)
  10 fungi
  19 plants
  4 tentacles (Shoals:3)
39 creatures vanquished.

Grand Total: 1268 creatures vanquished

Notes
Turn   | Place    | Note
-------+----------+-------------------------------------------
     0 | D:1      | EriolAelfwine the Ghoul Monk began the quest for the Orb.
     0 | D:1      | Reached XP level 1. HP: 19/19 MP: 0/0
   180 | D:1      | Reached XP level 2. HP: 18/26 MP: 1/1
   541 | D:1      | Reached XP level 3. HP: 31/31 MP: 2/2
   708 | D:1      | Reached skill level 4 in Unarmed Combat
  1275 | D:2      | Reached XP level 4. HP: 40/40 MP: 3/3
  1371 | D:2      | Reached skill level 1 in Shields
  1925 | D:3      | Reached XP level 5. HP: 40/45 MP: 4/4
  2650 | D:4      | Reached skill level 5 in Unarmed Combat
  3042 | D:4      | Reached XP level 6. HP: 34/53 MP: 5/5
  3567 | D:4      | Found a sparkling altar of Nemelex Xobeh.
  3765 | D:5      | Entered Level 5 of the Dungeon
  3936 | D:5      | Noticed Duvessa
  3936 | D:5      | Noticed Dowan
  3977 | D:5      | Killed Dowan
  3988 | D:5      | Reached skill level 6 in Unarmed Combat
  3988 | D:5      | Reached XP level 7. HP: 32/57 MP: 6/6
  4020 | D:5      | Killed Duvessa
  4020 | D:5      | Reached skill level 5 in Fighting
  4413 | D:5      | Found a staircase to the Ecumenical Temple.
  4424 | Temple   | Entered the Ecumenical Temple
  4535 | Temple   | Became a worshipper of Makhleb the Destroyer
  4535 | Temple   | Reached * piety under Makhleb
  4535 | Temple   | Reached ** piety under Makhleb
  4821 | D:6      | Reached XP level 8. HP: 63/68 MP: 7/7
  4913 | D:6      | Reached skill level 7 in Unarmed Combat
  4913 | D:6      | Reached skill level 1 in Invocations
  5337 | D:6      | Found a glowing silver altar of Zin.
  5652 | D:7      | Identified a scroll of acquirement
  5654 | D:7      | Got the amulet "Weckeg" {Acrobat Int-3 Slay+5 Stlth+}
  5796 | D:7      | Found a flagged portal.
  5813 | D:7      | Reached skill level 5 in Dodging
  5819 | D:7      | Reached skill level 8 in Unarmed Combat
  5843 | D:7      | Reached XP level 9. HP: 71/75 MP: 10/10
  5848 | Bailey   | Entered a bailey
  6141 | Bailey   | Reached skill level 9 in Unarmed Combat
  6567 | Bailey   | Reached skill level 1 in Armour
  6687 | Bailey   | Reached skill level 10 in Unarmed Combat
  6687 | Bailey   | Reached skill level 5 in Invocations
  6962 | Bailey   | Reached XP level 10. HP: 86/86 MP: 12/12
  7470 | D:8      | Found Kiethes's Food Shop.
  7652 | D:8      | Reached *** piety under Makhleb
  7953 | D:8      | Noticed a two-headed ogre
  7959 | D:8      | Killed a two-headed ogre
  8250 | D:9      | Reached skill level 11 in Unarmed Combat
  8416 | D:9      | Found a staircase to the Lair.
  8464 | D:9      | Got a brightly glowing ring mail
  8475 | D:9      | Identified the +4 ring mail of the Eagle {Regen+ Stlth+}
                  | (You found it on level 9 of the Dungeon)
  8524 | D:9      | Reached **** piety under Makhleb
  8585 | D:9      | Reached XP level 11. HP: 99/99 MP: 15/15
  8683 | D:9      | Reached skill level 10 in Fighting
  9147 | D:9      | Reached skill level 12 in Unarmed Combat
  9308 | D:10     | Entered Level 10 of the Dungeon
  9308 | D:10     | Found Urazist's Assorted Antiques.
  9323 | D:10     | Noticed a tengu warrior
  9349 | D:10     | Killed a tengu warrior
  9554 | D:10     | Noticed an orc knight
  9565 | D:10     | Identified the cursed -5 kite shield of Felinov {Int+6}
  9565 | D:10     | Noticed Nergalle
  9586 | D:10     | Noticed a tengu warrior
  9594 | D:10     | Killed a tengu warrior
  9624 | D:9      | Killed an orc knight
  9762 | D:10     | Killed Nergalle
  9762 | D:10     | Reached skill level 5 in Armour
  9783 | D:10     | Reached ***** piety under Makhleb
  9787 | D:10     | Found Ahiun's Armour Shop.
  9792 | D:10     | Found a staircase to the Orcish Mines.
 10311 | D:10     | Noticed Harold
 10321 | D:10     | Killed Harold
 10562 | D:11     | Noticed Psyche
 10567 | D:11     | Killed Psyche
 10604 | D:11     | Reached skill level 13 in Unarmed Combat
 10657 | D:11     | Noticed a cyclops
 10662 | D:11     | Killed a cyclops
 10687 | D:11     | Noticed a six-headed hydra
 10696 | D:11     | Killed a six-headed hydra
 10779 | D:11     | Reached XP level 12. HP: 109/109 MP: 17/17
 11067 | D:11     | Found a frozen archway.
 11093 | IceCv    | Entered an ice cave
 11714 | IceCv    | Got translucent ice dragon scales
 11788 | D:11     | Identified the +2 ice dragon scales of Repulsion {Harm
                  | *Corrode rF- rC++ Int+9 Dex-5} (You found it in an ice
                  | cave)
 12088 | D:12     | Reached skill level 14 in Unarmed Combat
 12331 | D:12     | Noticed a soul eater
 12492 | D:12     | Noticed a two-headed ogre
 12568 | D:12     | Killed a two-headed ogre
 12568 | D:12     | Reached XP level 13. HP: 110/122 MP: 19/19
 12827 | D:13     | Reached skill level 10 in Invocations
 12853 | D:13     | Reached skill level 15 in Unarmed Combat
 13074 | D:13     | Reached ****** piety under Makhleb
 13368 | D:13     | Found a gate to the Vaults.
 13832 | D:14     | You fall into a shaft and drop 1 floor!
 13832 | D:15     | Entered Level 15 of the Dungeon
 13832 | D:15     | Found a staircase to the Depths.
 13832 | D:15     | Noticed a fire giant
 14441 | D:14     | Reached skill level 16 in Unarmed Combat
 14446 | D:14     | Reached XP level 14. HP: 132/132 MP: 21/21
 14479 | D:14     | Reached skill level 15 in Fighting
 15021 | D:15     | Found Fiomi's Distillery.
 15429 | D:15     | Killed a fire giant
 15505 | D:15     | Found a basalt altar of Yredelemnul.
 15590 | D:15     | Got the +1 buckler of Teote {Int+3}
 15762 | Lair:1   | Entered Level 1 of the Lair of Beasts
 16706 | Lair:2   | Noticed Maggie
 16720 | Lair:2   | Killed Maggie
 16770 | Lair:2   | Found a staircase to the Shoals.
 17667 | Lair:3   | Found a runed translucent gate.
 17667 | Lair:3   | Found a runed translucent gate.
 17667 | Lair:3   | Found a runed translucent gate.
 17958 | Lair:3   | Reached skill level 17 in Unarmed Combat
 18036 | Lair:3   | Noticed Qutoi's ghost (journeyman MiBe)
 18471 | Lair:3   | Killed Qutoi's ghost
 18671 | Lair:3   | Got the ring "Yshro" {Fire}
 18681 | Lair:3   | Identified the ring "Yshro" {Fire Int+7 Dex+2} (You found
                  | it on level 3 of the Lair of Beasts)
 18743 | Lair:3   | Got a pair of spiked boots
 18754 | Lair:3   | Identified the cursed +0 pair of boots of the Nexus {rPois
                  | rN++ Dex+5} (You found it on level 3 of the Lair of Beasts)
 18881 | Lair:4   | Reached XP level 15. HP: 143/143 MP: 23/23
 18956 | Lair:4   | Found a gate leading to a gauntlet.
 18965 | Gauntlet | Entered a Gauntlet
 18965 | Gauntlet | Found a transporter.
 18984 | Gauntlet | Found a transporter.
 18985 | Gauntlet | Found a transporter.
 18994 | Gauntlet | Found a transporter.
 18996 | Gauntlet | Found a transporter.
 18997 | Gauntlet | Found a transporter.
 19005 | Gauntlet | Found a transporter.
 19008 | Gauntlet | Found a transporter.
 19009 | Gauntlet | Found a transporter.
 19017 | Gauntlet | Found a transporter.
 19020 | Gauntlet | Found a transporter.
 19021 | Gauntlet | Found a transporter.
 19027 | Gauntlet | Found a runed translucent gate.
 19029 | Gauntlet | Found a transporter.
 19030 | Gauntlet | Found a runed translucent gate.
 19031 | Gauntlet | Found a runed translucent gate.
 19089 | Gauntlet | Found a transporter.
 19475 | Lair:4   | Found a staircase to the Snake Pit.
 20108 | Lair:4   | Got a pair of glimmering boots
 20119 | Lair:4   | Identified the +2 pair of boots "Etuch" {rPois} (You found
                  | it on level 4 of the Lair of Beasts)
 20181 | Lair:5   | Found a staircase to the Slime Pits.
 20181 | Lair:5   | Found a viscous altar of Jiyva.
 20852 | Lair:6   | Entered Level 6 of the Lair of Beasts
 21058 | Lair:6   | Reached skill level 10 in Armour
 22045 | Lair:6   | Reached skill level 18 in Unarmed Combat
 22561 | Orc:1    | Entered Level 1 of the Orcish Mines
 22793 | Orc:1    | Noticed Erolcha
 22799 | Orc:1    | Killed Erolcha
 23041 | Orc:2    | Entered Level 2 of the Orcish Mines
 23063 | Orc:2    | Found a roughly hewn altar of Beogh.
 23160 | Orc:2    | Found Ystruus's Jewellery Shoppe.
 23407 | Orc:2    | Noticed Josephine
 23422 | Orc:2    | Killed Josephine
 23472 | Orc:2    | Noticed an orc warlord
 23492 | Orc:2    | Killed an orc warlord
 23492 | Orc:2    | Reached XP level 16. HP: 152/152 MP: 24/24
 23563 | Orc:2    | Found a roughly hewn altar of Beogh.
 23563 | Orc:2    | Found Guah's Antique Weapon Boutique.
 23577 | Orc:2    | Found Fefeluam's Antique Armour Shop.
 23686 | Orc:2    | Found a roughly hewn altar of Beogh.
 23857 | Orc:2    | Found a staircase to the Elven Halls.
 24080 | Orc:1    | Found a runed translucent door.
 24159 | Orc:1    | Noticed Necsenou's ghost (journeyman GnWn)
 24245 | Orc:1    | Killed Necsenou's ghost
 24516 | Orc:2    | Found a roughly hewn altar of Beogh.
 24517 | Orc:2    | Found Isinal's Antique Weapon Shoppe.
 24734 | Orc:2    | Found a roughly hewn altar of Beogh.
 24755 | Orc:2    | Found Seepuff's General Store.
 24821 | Orc:2    | Found a roughly hewn altar of Beogh.
 24987 | Shoals:1 | Entered Level 1 of the Shoals
 25315 | Shoals:1 | Reached skill level 19 in Unarmed Combat
 26668 | Shoals:2 | Found a blossoming altar of Fedhas.
 26730 | Shoals:2 | Noticed Roxanne
 27243 | Shoals:2 | Reached XP level 17. HP: 103/161 MP: 26/26
 27598 | Shoals:2 | Killed Roxanne
 27819 | Shoals:2 | Noticed a kraken
 27950 | Shoals:3 | Noticed Ilsuiw
 27987 | Shoals:3 | Killed Ilsuiw
 28356 | Shoals:3 | Reached skill level 20 in Unarmed Combat
 28364 | Shoals:3 | Noticed a kraken
 28377 | Shoals:3 | Killed a kraken
 29040 | Shoals:4 | Entered Level 4 of the Shoals
 29479 | Shoals:4 | HP: 6/163 [merfolk impaler/+0 trident (5)]
 29630 | Shoals:4 | Got a barnacled rune of Zot
 30306 | Shoals:4 | Found the +6 lightning scales {run, rElec}
 30715 | Snake:1  | Entered Level 1 of the Snake Pit
 30716 | Snake:1  | Noticed Aizul
 30746 | Snake:1  | Killed Aizul
 30876 | Snake:1  | Reached XP level 18. HP: 172/172 MP: 27/27
 31018 | Snake:1  | Found Wyloh's Specialty Armours.
 31147 | Snake:1  | Reached skill level 21 in Unarmed Combat
 31557 | Snake:2  | Identified the +5 long sword "Sugix" {distort, *Slow MR++
                  | Dex+4}
 31843 | Snake:2  | Reached skill level 5 in Shields
 32129 | Snake:2  | Found a one-way gate to the infinite horrors of the Abyss.
 32129 | Snake:2  | Found a transporter.
 32129 | Snake:2  | Found a transporter.
 32129 | Snake:2  | Noticed TuffENuff's ghost (adept FoFi)
 32446 | Snake:2  | Killed TuffENuff's ghost
 33382 | Snake:4  | Entered Level 4 of the Snake Pit
 34096 | Snake:4  | Reached XP level 19. HP: 181/181 MP: 28/28
 34138 | Snake:4  | Identified the cursed +0 dire flail "Widowermaker" {elec,
                  | rPois Int+6}
 34139 | Snake:4  | Noticed Cubyotass's ghost (adept MiHu)
 34146 | Snake:4  | Identified the +7 long sword "Jiejetsang" {antimagic,
                  | Fragile Str+3 SInv Stlth+}
 34149 | Snake:4  | Found a bloodstained altar of Trog.
 34239 | Snake:4  | Reached skill level 22 in Unarmed Combat
 34388 | Snake:4  | Got a serpentine rune of Zot
 34682 | Snake:4  | Found a transporter.
 34683 | Snake:4  | Found a transporter.
 35027 | Snake:4  | HP: 7/182 [naga warrior/the cursed +0 dire flail
                  | "Widowermaker" {elec, rPois Int+6} (3)]
 35028 | Snake:4  | Mangled by Cubyotass's ghost

Illustrated notes

Levels and vault maps discovered:
D:1:      minmay_arrival_jagged, layout_basic
D:2:      layout_basic, first_ration, serial_bayou_lagoon_a, minmay_pentomino_z4
D:3:      layout_loops_ring
D:4:      layout_loops_corners, nemelex_xobeh_ov_fountains_minmay
D:5:      layout_basic, minmay_temple_entry_grid, uniq_duvessa
D:6:      layout_basic, kennysheep_mini, kennysheep_cross_room
D:7:      layout_rooms, enter_bailey_6
D:8:      layout_loops_ring, serial_shops, nicolae_shop_trees
D:9:      layout_stronghold, lair_entry_dummy, serial_undead, serial_undead_a,
          serial_undead_f, serial_undead_e, serial_undead_b, serial_undead_d,
          serial_undead_c, serial_undead_d
D:10:     layout_cave_pods, orc_david_3, serial_shops, shop, uniq_harold,
          uniq_nergalle
D:11:     layout_roguey, portal_ice_cave_demonic_guard, uniq_psyche
D:12:     layout_rooms
D:13:     layout_roguey, hangedman_vaults_entry_quadrant_bands
D:14:     layout_long_grid, hangedman_abyss_or_decor_passed
D:15:     grunt_enter_depths_giant_problem, layout_loops_ring, serial_shops,
          shop, yredelemnul_altar_generic
Temple:   kilobyte_greek_temple
Lair:1:   layout_long_grid, gammafunk_lair_bear_cave
Lair:2:   layout_cave_pods, minmay_shoals_entry_beasts,
          grunt_forest_small_clearings, uniq_maggie
Lair:3:   layout_regular_city, gammafunk_ghost_icy, beast_lair_carwin_4
Lair:4:   layout_loops_ring, guppyfry_snake_entry_garden,
          gauntlet_entry_generic, serial_bayou_shore_b, lemuel_fruit_fields
Lair:5:   layout_long_grid, slime_altar_1, pond, serial_bayou_shore_b,
          minmay_lair_oklob_chamber
Lair:6:   due_jungle_book, layout_cave_pods
Shoals:1: layout_shoals, nicolae_shoals_circle_sea_wall,
          nicolae_shoals_flooded_hall
Shoals:2: layout_shoals, lemuel_centaur_altar, uniq_roxanne
Shoals:3: layout_shoals, uniq_ilsuiw
Shoals:4: shoals_end_grunt_garden, layout_shoals, shoals_ilsuiw_alternative,
          nicolae_shoals_this_corrosion
Snake:1:  layout_honeycomb, nicolae_barding_shop, uniq_aizul
Snake:2:  layout_cave_shapes, gammafunk_ghost_abyssal_escape,
          nrook_guardian_serpent_double
Snake:3:  nicolae_snakescales, layout_misc_corridors, serial_bayou_shore_b
Snake:4:  snake_pit, layout_cave_town, gammafunk_ghost_wrathful_warriors,
          lemuel_fruit_tree
Orc:1:    layout_caves, ebering_ghost_reflecting_pool, mines3_lemuel,
          uniq_erolcha
Orc:2:    grunt_orc_community_town_hall, layout_caves,
          grunt_orc_community_big_house_1, grunt_orc_community_big_house_2,
          grunt_orc_community_house_3, grunt_orc_community_house_2,
          grunt_orc_community_house_3, grunt_orc_community_house_3,
          grunt_orc_community_house_3, serial_shops, nicolae_shop_waterfront,
          elf_legates, uniq_josephine

Skill      XL: |  1  2  3  4  5  6  7  8  9 10 11 12 13 14 15 16 17 18 19 |
---------------+----------------------------------------------------------+-----
Dodging        | 3 4 5 |  5.0
Unarmed Combat | 4 5 6 8 10 11 13 14 16 17 18 19 20 21 22 | 22.3
Shields        | 1 2 3 4 6 7 |  7.3
Fighting       | 4 5 6 7 9 11 13 14 15 16 17 18 19 | 19.0
Invocations    | 3 5 6 8 9 11 12 13 14 | 14.0
Armour         | 1 4 5 7 8 9 10 11 12 13 | 13.5
Stealth        | |  2.1

Action                   |  1- 3 |  4- 6 |  7- 9 | 10-12 | 13-15 | 16-18 | 19-21 || total
-------------------------+-------+-------+-------+-------+-------+-------+-------++-------
Melee: Unarmed           |    82 |   206 |   267 |   595 |  1228 |  1568 |   207 ||  4153
       Punch             |     1 |       |       |       |       |       |       ||     1
       Dagger            |       |       |       |     4 |    21 |       |       ||    25
Invok: Lesser Servant of |       |       |       |     3 |       |       |       ||     3
       Greater Servant o |       |       |       |       |     3 |     8 |     9 ||    20
 Abil: Evoke Flight      |       |       |       |       |       |     2 |       ||     2
Evoke: Wand              |       |     3 |       |     1 |       |       |       ||     4
  Use: Scroll            |       |     9 |     4 |    18 |    11 |    12 |       ||    54
       Potion            |       |       |       |       |       |     7 |     3 ||    10
 Stab: Sleeping          |     1 |       |       |       |       |       |       ||     1
       Distracted        |       |     1 |       |       |       |     2 |     1 ||     4
       Invisible         |       |       |       |       |       |     1 |       ||     1
  Eat: Chunk             |     3 |     5 |    39 |    36 |    41 |    50 |     1 ||   175
       Ration            |       |       |       |       |       |     1 |       ||     1
Armor: Robe              |    12 |       |       |       |       |       |       ||    12
       Chain mail        |     9 |   103 |    67 |       |       |       |       ||   179
       Plate armour      |       |       |    17 |       |       |       |       ||    17
       Crystal plate arm |       |       |       |   383 |   834 |  1249 |   134 ||  2600
Dodge: Dodged            |    27 |    56 |   179 |   131 |   318 |   682 |    40 ||  1433
Block: Buckler           |     8 |    47 |   104 |   152 |   314 |   400 |       ||  1025
       Kite shield       |       |       |       |       |       |   240 |   112 ||   352
